 Dungeon Crawl Stone Soup version 0.28.0-53-g5a82cb258f (webtiles) character file.

Game seed: 5946713420974255547

44 clackabat the Chopper (level 3, -1/46 HPs)
             Began as a Minotaur Berserker on July 14, 2022.
             Was a Believer of Trog.
             Slain by Terence
             ... wielding a +0 hand axe
              (5 damage)
             ... on level 2 of the Dungeon.
             The game lasted 00:01:50 (1106 turns).

clackabat the Chopper (Minotaur Berserker)          Turns: 1106, Time: 00:01:51

Health: -1/46      AC:  2    Str: 21    XL:     3   Next: 39%
Magic:  2/2        EV: 12    Int:  4    God:    Trog [**....]
Gold:   24         SH:  0    Dex: 11    Spells: 2/2 levels left

rFire   . . .      SeeInvis .   a - +0 hand axe
rCold   . . .      Faith    .   (no shield)
rNeg    . . .      Spirit   .   b - +0 animal skin
rPois   .          Reflect  .   (helmet restricted)
rElec   .          Harm     .   (no cloak)
rCorr   .          Rampage  .   (no gloves)
Will    .....                   (no boots)
Stlth   ..........              (no amulet)
HPRegen 0.15/turn               (no ring)
MPRegen 0.08/turn               (no ring)

@: berserking, very quick
A: horns 2, retaliatory headbutt
a: Renounce Religion, Berserk, Trog's Hand


You were on level 2 of the Dungeon.
You worshipped Trog.
Trog was pleased with you.
You visited 1 branch of the dungeon, and saw 2 of its levels.

You collected 24 gold pieces.

Inventory:

Hand Weapons
 a - a +0 hand axe (weapon)
Armour
 b - a +0 animal skin (worn)
Jewellery
 d - a ring of fire
Scrolls
 e - a scroll of identify {unknown}
 g - a scroll of immolation {unknown}
Potions
 c - a potion of curing {unknown}
 f - a potion of attraction {unknown}


   Skills:
 - Level 3.6 Fighting
 * Level 5.4 Axes
 - Level 2.4 Armour
 - Level 2.1 Dodging


You had 2 spell levels left.
You didn't know any spells.
Your spell library was empty.

Dungeon Overview and Level Annotations

Branches:
Dungeon (2/15)

Altars:

Annotations:
D:2 Terence


Innate Abilities, Weirdness & Mutations

You have a pair of horns on your head.
You reflexively headbutt those who attack you in melee.


Message History

Items here: ( )) †.
You hit the hobgoblin.
You kill the hobgoblin!
Trog accepts your kill.
You hit the hobgoblin but do no damage. Your headbutt misses the hobgoblin.
A giant cockroach comes into view.
The hobgoblin hits you.
* * * LOW HITPOINT WARNING * * *
You hit the hobgoblin.
The hobgoblin is almost dead.
The hobgoblin misses you.
A red film seems to cover your vision as you go berserk!
You feel yourself moving faster!
You feel mighty! The hobgoblin closely misses you. You furiously retaliate!
You headbutt the hobgoblin!
You feel the power of Trog in you as your rage grows.
You kill the hobgoblin!
Trog accepts your kill. The hobgoblin closely misses you.
You are too injured to fight recklessly!
You are too injured to fight recklessly!
You hit the hobgoblin.
You kill the hobgoblin!
Trog accepts your kill.
Terence the Incautious comes into view.
He is wielding a +0 hand axe and wearing a +0 scale mail of cold resistance.
Terence shouts!
You see here a hobgoblin corpse.
You feel a strong urge to attack something.
The giant cockroach bites you but does no damage.
You closely miss the giant cockroach.
The giant cockroach bites you but does no damage.
You hit the giant cockroach.
You kill the giant cockroach!
Trog accepts your kill.
You see here a giant cockroach corpse.
You feel a strong urge to attack something.
You closely miss Terence. Your headbutt misses Terence.
A hobgoblin comes into view.
Terence hits you with a +0 hand axe.
You die...

#...........###.
###............. #
#..........##
#.###..........#
##.......†.)......#
#.........†......##
#..........(.....##
#......#..†........
#......##..@.......
#......##...@..#.#..
..................#
#......<...#####..g
#......#......# ...
#.(......####.# .
#.........
#####.##.#. #. .#..


You could see Terence and a hobgoblin (wandering).

Vanquished Creatures
  An adder (D:2)
  A dart slug (D:1)
  4 bats (D:1)
  An endoplasm (D:1)
  3 giant cockroaches
  5 goblins
  4 hobgoblins
  2 jackals (D:1)
  2 ball pythons (D:1)
  3 frilled lizards (D:1)
  4 kobolds
  3 rats (D:1)
33 creatures vanquished.

Notes
Turn   | Place    | Note
-------+----------+-------------------------------------------
     0 | D:1      | clackabat the Minotaur Berserker began the quest for the
                  | Orb.
     0 | D:1      | Reached XP level 1. HP: 19/19 MP: 0/0
   192 | D:1      | Reached skill level 4 in Axes
   434 | D:1      | Reached XP level 2. HP: 24/26 MP: 1/1
   817 | D:1      | Reached skill level 5 in Axes
   823 | D:1      | Reached ** piety under Trog
  1088 | D:2      | Reached XP level 3. HP: 13/31 MP: 2/2
  1099 | D:2      | Noticed Terence
  1106 | D:2      | Slain by Terence

Illustrated notes

Levels and vault maps discovered:
D:1:      dpeg_arrival_concentric_ovals, layout_loops_ring
D:2:      layout_rooms, chequers_ecumenical_altar_twisty, uniq_terence

Skill      XL: |  1  2 |
---------------+-------+-----
Axes           | 4 5 |  5.4
Fighting       | |  3.6
Armour         | |  2.4
Dodging        | |  2.1

Action                   || total
-------------------------++-------
Melee: Hand axe          ||    74
       Punch             ||     1
       Headbutt          ||     6
Invok: Berserk           ||     1
Armor: Animal skin       ||    21
Dodge: Dodged            ||    52
